Map: Blackburn LE

Players

DoucheCat

  • Race: Zerg Zerg
  • League: Diamond
  • Spawn Location: 5:00

Pumba - Winner!

  • Race: Zerg Zerg
  • League: Diamond
  • Spawn Location: 7:00

VOD

Have the link to the VOD?

Description

Time

  • Played on: Aug. 10, 2021, 8:31 p.m.
  • Length: 5:15
Show
View Real Time Build Order
Export as new Build Order

DoucheCat Zerg 

Build Orders: Hatch First 

Get SALT Encoding   

  12  0:00  Drone  
  13  0:12  Overlord  
  13  0:16  Drone  
  14  0:30  Drone x2  
  16  0:49  Hatchery  
  15  0:52  Drone  
  15  0:56  Drone  
  17  0:59  Drone  
  18  1:11  Extractor  
  18  1:15  Spawning Pool  
  18  1:18  Drone  
  17  1:20  Drone  
  18  1:28  Drone  
  19  1:41  Drone  
  20  1:57  Overlord  
  20  2:01  Queen x2  
  20  2:02  Zergling x4  
  26  2:17  Drone x2  
  28  2:24  Metabolic Boost  
  28  2:38  Baneling Nest  
  27  2:50  Overlord  
  27  2:51  Drone x5  
  32  3:03  Hatchery  
  31  3:06  Drone, Overlord  
  32  3:19  Drone x2  
  35  3:20  Drone, Overlord  
  35  3:30  Queen  
  37  3:36  Zergling x8  
  41  3:47  Overlord  
  41  3:49  Zergling x12  
  47  3:57  Baneling x3  
  47  3:59  Zergling x2  
  47  4:02  Lair  
  48  4:03  Zergling x2  
  48  4:04  Zergling x2  
  38  4:25  Zergling x16  
  38  4:26  Baneling x2  
  44  4:41  Overlord  
  44  4:42  Zergling x6  
  46  4:47  Zergling x2  
  46  4:48  Zergling x4  
  38  4:57  Drone  
Show
View Real Time Build Order
Export as new Build Order

Pumba Zerg - Winner!

Build Orders: Pool First, Zergling Baneling 

Get SALT Encoding   

  12  0:00  Drone  
  13  0:14  Overlord  
  13  0:19  Drone  
  14  0:33  Drone x2  
  16  0:38  Drone  
  17  0:46  Spawning Pool  
  17  0:49  Drone  
  17  0:58  Drone  
  18  1:13  Hatchery  
  18  1:17  Drone  
  18  1:19  Extractor  
  18  1:23  Drone  
  18  1:30  Drone  
  19  1:34  Queen  
  21  1:40  Zergling x2  
  22  1:51  Overlord  
  22  2:10  Queen, Drone  
  25  2:23  Metabolic Boost, Drone  
  25  2:25  Drone  
  27  2:34  Drone x2  
  29  2:48  Hatchery  
  29  2:50  Drone x5  
  32  2:59  Zergling x2  
  33  3:05  Baneling Nest  
  33  3:07  Zergling x2  
  33  3:10  Overlord  
  33  3:13  Overlord  
  33  3:23  Zergling x6  
  36  3:28  Zergling x2  
  36  3:29  Zergling x8  
  41  3:39  Zergling x4  
  43  3:46  Zergling x2  
  44  3:50  Baneling  
  44  3:51  Baneling x3  
  44  3:55  Zergling x14  
  51  3:59  Overlord  
  51  4:03  Baneling x3  
  51  4:04  Baneling  
  47  4:25  Zergling x16  
  47  4:31  Baneling x4  
  54  4:40  Baneling  
  53  4:47  Baneling  
  51  4:58  Zergling x16  
  59  5:00  Baneling  
Tags
 
Add a new tag
Caveats
  • Supply blocks, unpowered buildings, or Contaminate may cause inaccurate times.
  • Supply counts are checked every 10 seconds.